 Dungeon Crawl Stone Soup version 0.25-a0-578-gc91f01c39c (webtiles) character file.

Game seed: 10579909995228247734, levelgen mode: deterministic

1152 Flugslaktarn the Chopper (level 8, -1/73 HPs)
             Began as a Deep Dwarf Fighter on Mar 3, 2020.
             Killed from afar by an orc wizard (8 damage)
             ... with a puff of frost
             ... on level 6 of the Dungeon.
             The game lasted 00:01:20 (1816 turns).

Flugslaktarn the Chopper (Deep Dwarf Fighter)       Turns: 1816, Time: 00:01:20

Health: -1/73      AC: 14    Str: 19 (22) XL:     8   Next: 16%
Magic:  4/4        EV:  4    Int:  7 (9)  God:
Gold:   241        SH: 10    Dex: 11 (12) Spells: 7/7 levels left

rFire    . . .     SeeInvis .   a - +0 war axe
rCold    . . .     Gourm    .   c - +0 kite shield
rNeg     . . .     Faith    .   h - +0 plate armour
rPois    .         Spirit   .   (no helmet)
rElec    .         Reflect  .   f - +1 cloak
rCorr    .         Harm     .   (no gloves)
MR       +....                  (no boots)
Stlth    ..........             (no amulet)
HPRegen  0.00/turn              (no ring)
MPRegen  0.09/turn              (no ring)

@: non-regenerating
A: damage resistance, heal wounds, sense surroundings 1, no regeneration
a: Heal Wounds


You were on level 6 of the Dungeon.
You were not hungry.

You visited 1 branch of the dungeon, and saw 7 of its levels.

You collected 241 gold pieces.

Inventory:

Hand Weapons
 a - a +0 war axe (weapon)
Missiles
 j - 2 throwing nets (quivered)
Armour
 b - a +0 scale mail
 c - a +0 kite shield (worn)
 f - a +1 cloak (worn)
   (You found it on level 1 of the Dungeon)
 h - a +0 plate armour (worn)
   (You found it on level 2 of the Dungeon)
Jewellery
 o - an uncursed ring of poison resistance
   (You took it off a gnoll sergeant on level 7 of the Dungeon)
Scrolls
 g - a scroll of teleportation {unknown}
 i - a scroll of enchant weapon {unknown}
 k - 2 scrolls of identify {unknown}
 m - a scroll of magic mapping {unknown}
 n - a scroll of blinking {unknown}
 r - 2 scrolls of remove curse {unknown}
 s - a scroll of fog {unknown}
 w - a scroll of amnesia {unknown}
Potions
 d - a potion of ambrosia {unknown}
 t - a potion of brilliance {unknown}
 u - a potion of lignification {unknown}
Comestibles
 e - 7 rations
 v - 7 chunks of flesh


   Skills:
 + Level 4.7 Fighting
 * Level 7.0 Axes
 + Level 5.7 Armour
 + Level 5.7 Shields


You had 7 spell levels left.
You didn't know any spells.
Your spell library was empty.

Dungeon Overview and Level Annotations

Branches:
Dungeon (7/15)
 Temple: D:4-7

Altars:
Hepliaklqana

Shops:
D:4 (


Innate Abilities, Weirdness & Mutations

You are resistant to damage.
You can heal yourself by infusing magical energy.
You passively map a small area around you.
You do not regenerate.


Message History

The orc hits you but does no damage. The ogre hits you with a +0 giant club!
* * * LOW HITPOINT WARNING * * *
The orc hits you but does no damage.
The scorpion stings you but does no damage.
The orc wizard hits you with a +0 dagger.
You block the orc's attack.
You are too injured to fight recklessly!
You are too injured to fight recklessly!
You are too injured to fight recklessly!
Unknown command.
The ogre hits you but does no damage.
The orc wizard hits you but does no damage.
You see here a fizzy ruby potion.
You block the orc wizard's attack.
The orc wizard hits you but does no damage.
The orc wizard begins to cast a cantrip, but forgets the words!
A centaur comes into view.
The orc wizard casts a spell at you. The puff of frost hits you!
You die...

* , , * * * * #####*
, * ##...,, c * * ,
#. #. , ...# * ..
#..#.* #..# **#..,
#..#.#*####..# .$ ,
......##.o.O.##.#
,,,
*#.........oo.@..#**
, *#.....?...s.####
* ##.#...>!....# * *
#............#
.......†)...## *
#...#..$....# ***
##. #.......# , #
,.#.#.#### *
#.#.#.#* *,


You could see an ogre, a centaur, a scorpion, an orc wizard and 2 orcs.

Vanquished Creatures
  Grinder (D:4)
  An ogre (D:5)
  A sky beast (D:5)
  A gnoll sergeant (D:7)
  A scorpion (D:3)
  6 killer bees (D:7)
  A crimson imp (D:4)
  A jelly (D:5)
  A quasit (D:5)
  A centaur skeleton (D:7)
  2 orc wizards (D:5)
  A worker ant (D:5)
  Natasha (thrice) (D:4)
  3 gnolls (D:7)
  3 adders
  A shadow imp (D:5)
  An ooze (D:3)
  An adder skeleton (D:4)
  An adder zombie (D:5)
  2 worms
  4 leopard geckos
  10 orcs
  A goblin (D:1)
  4 hobgoblins
  2 jackals (D:7)
  2 quokkas
  A ball python (D:4)
  A frilled lizard (D:5)
  A jackal skeleton (D:4)
  2 kobolds
  A rat (D:1)
62 creatures vanquished.

Vanquished Creatures (others)
  A plant (D:3)
1 creature vanquished.

Grand Total: 63 creatures vanquished

Notes
Turn   | Place    | Note
-------+----------+-------------------------------------------
     0 | D:1      | Flugslaktarn the Deep Dwarf Fighter began the quest for the
                  | Orb.
     0 | D:1      | Reached XP level 1. HP: 20/20 MP: 1/1
    56 | D:2      | Found a faded altar of an unknown god.
    60 | D:2      | Reached XP level 2. HP: 24/27 MP: 2/2
   182 | D:3      | Noticed a scorpion
   191 | D:3      | Killed a scorpion
   191 | D:3      | Reached skill level 3 in Axes
   191 | D:3      | Reached XP level 3. HP: 16/34 MP: 3/3
   191 | D:3      | Reached XP level 4. HP: 20/42 MP: 4/4
   250 | D:4      | Noticed Grinder
   274 | D:4      | Killed Grinder
   274 | D:4      | Reached skill level 4 in Axes
   274 | D:4      | Reached XP level 5. HP: 31/49 MP: 5/5
   274 | D:4      | Reached XP level 6. HP: 35/56 MP: 6/6
   424 | D:4      | Found a hazy altar of Hepliaklqana.
   587 | D:4      | Noticed Natasha
   600 | D:4      | Killed Natasha
   600 | D:4      | Reached skill level 5 in Axes
   874 | D:4      | Noticed Natasha
   884 | D:4      | Killed Natasha
   951 | D:4      | Noticed Natasha
   965 | D:4      | Killed Natasha
  1089 | D:4      | Found Kasmaez's Weapon Shoppe.
  1300 | D:5      | Entered Level 5 of the Dungeon
  1375 | D:5      | Noticed a sky beast
  1386 | D:5      | Reached XP level 7. HP: 63/64 MP: 5/5
  1407 | D:5      | Reached skill level 5 in Armour
  1407 | D:5      | Reached skill level 5 in Shields
  1577 | D:5      | Reached skill level 6 in Axes
  1594 | D:5      | You fall into a shaft and drop 2 floors!
  1667 | D:7      | Reached XP level 8. HP: 26/73 MP: 5/5
  1791 | D:7      | Reached skill level 7 in Axes
  1816 | D:6      | Killed from afar by an orc wizard

Levels and vault maps discovered:
D:1:      dpeg_arrival_leaves_temple_mockup, layout_rooms, serial_forest,
          infiniplex_forest_straight_3, infiniplex_forest_straight_3,
          infiniplex_forest_lined_room_2, infiniplex_forest_zigzag_1,
          infiniplex_forest_lined_3, infiniplex_forest_corner_1,
          wander_ebering_terrifying_dragon_lair
D:2:      layout_loops_corners, kiku_gazebo_pond_becter,
          nemelex_xobeh_ov_fountains_minmay, first_ration,
          chequers_ecumenical_altar_simple, chequers_garden, uniq_sigmund,
          uniq_crazy_yiuf_cottage
D:3:      layout_loops_ring, gammafunk_ghost_gnarly_gnolls
D:4:      layout_basic, nicolae_overflow_crystal_walls, serial_shops,
          shop_coins, hangedman_decor_lopped, uniq_grinder, uniq_natasha
D:5:      layout_basic
D:6:      layout_loops_ring, minmay_temple_entry_mist, trog_wizard, uniq_edmund
D:7:      layout_basic

Skill      XL: |  1  2  3  4  5  6  7  8 |
---------------+-------------------------+-----
Fighting       | 3 4 |  4.7
Axes           | 3 4 5 6 7 |  7.0
Armour         | 4 5 |  5.7
Shields        | 4 5 |  5.7

Action                   |  1- 3 |  4- 6 |  7- 9 || total
-------------------------+-------+-------+-------++-------
Melee: War axe           |    38 |   146 |   106 ||   290
 Abil: Heal Wounds       |       |     3 |     6 ||     9
  Use: Potion            |       |       |     4 ||     4
  Eat: Ration            |       |     1 |       ||     1
Armor: Scale mail        |    10 |       |       ||    10
       Plate armour      |    10 |    94 |   169 ||   273
Dodge: Dodged            |     7 |    21 |    35 ||    63
Block: Kite shield       |    16 |    81 |   100 ||   197

Table legend:
 A = Non-vault XP
 B = Vault XP
 C = Vault XP percentage of total XP
 D = Non-vault monster count
 E = Vault monster count
 F = Vault count percentage of total count
                 A         B        C        D         E       F
            +---------+---------+-------+---------+---------+-------
      Total |    1345 |     302 |  18.3 |      60 |       2 |   3.2
            +---------+---------+-------+---------+---------+-------
        D:1 |      11 |       0 |   0.0 |       6 |       0 |   0.0
        D:2 |       4 |       0 |   0.0 |       2 |       0 |   0.0
        D:3 |     101 |       0 |   0.0 |       6 |       0 |   0.0
        D:4 |     165 |     302 |  64.7 |      10 |       2 |  16.7
        D:5 |     510 |       0 |   0.0 |      20 |       0 |   0.0
        D:6 |       8 |       0 |   0.0 |       3 |       0 |   0.0
        D:7 |     546 |       0 |   0.0 |      13 |       0 |   0.0
            +---------+---------+-------+---------+---------+-------
